 Dungeon Crawl Stone Soup version 0.21-a0-13-g3fd62ac (webtiles) character file.

21274 tof the Cruncher (level 12, -11/87 HPs)
             Began as a Gnoll Skald on May 23, 2017.
             Was an Elder of Wu Jian.
             Mangled by a komodo dragon (25 damage)
             ... on level 1 of the Lair of Beasts.
             The game lasted 01:01:55 (14954 turns).

tof the Cruncher (Gnoll Skald)                     Turns: 14954, Time: 01:01:57

Health: -11/87     AC: 19    Str: 11    XL:     12   Next: 88%
Magic:  32/32      EV: 23    Int: 20    God:    Wu Jian [****..]
Gold:   522        SH:  0    Dex: 19    Spells: 17/25 levels left

rFire    . . .     SeeInvis .   a - +3 quarterstaff (chaos)
rCold    . . .     Gourm    .   (shield currently unavailable)
rNeg     . . .     Faith    .   Z - +0 troll leather armour
rPois    .         Spirit   .   H - +3 hat of Pondering {ponderous, MR+ MP+10 Int+5}
rElec    .         Reflect  .   I - scarf {repulsion}
rCorr    .         Harm     .   (no gloves)
MR       +....                  z - +2 pair of boots of Iqefye {*Contam Dex+3}
Stlth    ++++......             n - amulet of rage
Regen    0.7/turn               x - +6 ring of protection
MPRegen  0.3/turn               w - +4 ring of evasion

@: repel missiles, slow
A: short attention span, fangs 1, hooves 2, yellow scales 1, frail 1, sense
surroundings 1, subdued magic 1, strong nose
a: Serpent's Lash, Renounce Religion, Evoke Berserk Rage


You were on level 1 of the Lair of Beasts.
You worshipped Wu Jian.
Wu Jian was greatly pleased with you.
You were very hungry.

You visited 3 branches of the dungeon, and saw 15 of its levels.
You also visited: Ossuary.

You collected 690 gold pieces.
You spent 168 gold pieces at shops.

Inventory:

Hand Weapons
 a - a +3 quarterstaff of chaos (weapon)
 b - a +2 shortbow of freezing
Missiles
 k - 132 arrows
 Q - 61 sling bullets
Armour
 z - the +2 pair of boots of Iqefye (worn) {*Contam Dex+3}
   (You found it on level 6 of the Dungeon)

   It affects your dexterity (+3).
   It causes magical contamination when unequipped.
 H - the +3 hat of Pondering (worn) {ponderous, MR+ MP+10 Int+5}
   (You took it off Gastronok on level 1 of the Lair of Beasts)

   It affects your intelligence (+5).
   It affects your resistance to hostile enchantments.
   It affects your magic capacity (+10).
 I - a scarf of repulsion (worn)
 Z - a +0 troll leather armour (worn)
Jewellery
 h - an uncursed ring of protection from cold
 i - an uncursed ring of ice
 n - an amulet of rage (around neck)
 q - an uncursed ring of fire {unknown}
 w - a +4 ring of evasion (right hand)
 x - a +6 ring of protection (left hand)
Wands
 S - a wand of iceblast (8/15)
Scrolls
 f - 3 scrolls of blinking {unknown}
 g - 3 scrolls of fog {unknown}
 l - 2 scrolls of amnesia {unknown}
 p - 3 scrolls of magic mapping {unknown}
 t - 7 scrolls of teleportation {unknown}
 y - 5 scrolls of remove curse {unknown}
 B - 3 scrolls of acquirement {unknown}
 C - 4 scrolls of enchant armour {unknown}
 D - 2 scrolls of enchant weapon {unknown}
 E - 3 scrolls of immolation {unknown}
 G - 2 scrolls of vulnerability {unknown}
 J - a scroll of random uselessness {unknown}
 X - 2 scrolls of recharging
Potions
 d - 3 potions of might
 e - a potion of magic
 j - a potion of cancellation
 m - 2 potions of ambrosia
 o - 2 potions of heal wounds
 r - 7 potions of curing
 s - 6 potions of flight
 v - 4 potions of agility
 A - 2 potions of invisibility
 F - 2 potions of haste
 K - 2 potions of berserk rage {unknown}
 W - a potion of brilliance
Books
 c - a book of Battle

   Spells                             Type                      Level
   a - Infusion                       Charms                       1
   b - Shroud of Golubria             Charms/Translocation         2
   c - Song of Slaying                Charms                       2
   d - Spectral Weapon                Hexes/Charms                 3
   e - Regeneration                   Charms/Necromancy            3
 M - a book of Callings

   Spells                             Type                      Level
   a - Summon Small Mammal            Summoning                    1
   b - Call Imp                       Summoning                    2
   c - Call Canine Familiar           Summoning                    3
   d - Summon Guardian Golem          Hexes/Summoning              3
   e - Summon Lightning Spire         Summoning/Air                4
   f - Summon Ice Beast               Ice/Summoning                4
 O - a book of Minor Magic

   Spells                             Type                      Level
   a - Magic Dart                     Conjuration                  1
   b - Blink                          Translocation                2
   c - Call Imp                       Summoning                    2
   d - Slow                           Hexes                        2
   e - Conjure Flame                  Conjuration/Fire             3
   f - Mephitic Cloud                 Conjuration/Poison/Air       3
Miscellaneous
 u - a phial of floods
 V - a phantom mirror
Comestibles
 N - 8 bread rations
 R - 3 royal jellies
 T - 15 fruits
 U - 3 meat rations


   Skills:
 + Level 9.7 Fighting
   Level 3.8 Long Blades
   Level 2.9(8.9) Maces & Flails
   Level 8.9(10.2) Polearms
 + Level 10.6(11.0) Staves
   Level 8.3 Slings
 + Level 2.2 Bows
 + Level 6.3 Armour
 + Level 9.4 Dodging
 + Level 8.4 Stealth
 + Level 7.2 Spellcasting
 + Level 1.6 Hexes
 + Level 6.0 Charms
 + Level 3.1 Summonings


You had 17 spell levels left.
You knew the following spells:

 Your Spells              Type           Power        Failure   Level  Hunger
a - Infusion              Chrm           ###.         1%          1    None
b - Song of Slaying       Chrm           ###.....     1%          2    None
c - Call Imp              Summ           ###.....     3%          2    None
d - Summon Guardian Gole  Hex/Summ       ##......     11%         3    #......


Dungeon Overview and Level Annotations

Branches:
Dungeon (12/15)            Temple (1/1) D:4            Lair (2/6) D:9
 Shoals (0/4) Lair:2          Orc (0/2) D:9
  Snake: Lair:2-4    Spider: Lair:2-4

Altars:
Ashenzari
Cheibriados
Dithmenos
Elyvilon
Fedhas
Gozag
Hepliaklqana
Kikubaaqudgha
Makhleb
Nemelex Xobeh
Okawaru
Qazlal
Ru
Sif Muna
Trog
Uskayaw
Vehumet
Wu Jian
Xom
Yredelemnul
Zin
The Shining One

Shops:
D:6 [*[


Innate Abilities, Weirdness & Mutations

You have a short attention span.
You have very sharp teeth.
Your uncanny sense of smell can sniff out nearby items.
You have hoof-like feet.
You are partially covered in yellow scales. (AC +2)
You are frail. (-10% HP)
You passively map a small area around you.
Your spells are a little easier to cast, but a little less powerful.


Message History

You hit something but do no damage. You bite something.
Something gores you but does no damage.
The komodo dragon bites you but does no damage.
You completely miss something. Something gores you!
The komodo dragon bites you.
You hit something. You sock something! Something gores you!
The komodo dragon closely misses you.
You sock something!
You feel better. Something gores you.
The komodo dragon completely misses you.
You hit something. Lightning courses through something! Something gores you.
The komodo dragon bites you!
* * * LOW HITPOINT WARNING * * *
You hit something but do no damage. Lightning courses through something!
You sock the komodo dragon! You drain the komodo dragon!
You bite the komodo dragon, but do no damage.
The komodo dragon is moderately wounded.
Something gores you!
* * * LOW HITPOINT WARNING * * *
The komodo dragon bites you!!
You die...

##
##...##.##.....######..####
.#### #..........####
##..(.# ....####.........P#
##..## #....P##.........##
#P...##
#.#......#........###
##.....#
##.##....#..........###
#.......
######.###...........#
#....... #.# #.....{..##.##
#.....P# #.#
###...@.P##..####P...##
##.# ##.l.#####.#.###..###
#P.## ##.## #...######..
##..# ### ##...## #.# #..#
#....####.# ###.##
##.....##... #P..##
#......##... ##...P###
#......##... ##.......####
##....##....


You could see a komodo dragon.

Vanquished Creatures
  Gastronok (Lair:1)
  Fannar (Lair:1)
  A hydra (Lair:1)
  A two-headed ogre (D:12)
  A death yak (Lair:1)
  Pikel (D:6)
  2 cyclopes (D:11)
  A manticore (D:12)
  2 spiny frogs (Lair:1)
  2 trolls
  Grinder (D:5)
  A queen bee (D:10)
  2 hippogriffs
  A spriggan (D:7)
  A vampire (D:12)
  A wraith (D:10)
  Eustachio (D:5)
  27 yaks
  Grum (D:11)
  A hungry ghost (D:12)
  3 vampire mosquitoes (D:12)
  Edmund (D:6)
  5 water moccasins
  A porcupine (D:9)
  4 orc warriors
  5 ice beasts
  2 sky beasts
  5 black bears
  A necrophage (D:7)
  3 phantoms
  3 wolves (D:11)
  A centaur (shapeshifter) (D:9)
  4 ogres
  5 crocodiles
  8 centaurs
  2 elf zombies (Ossuary)
  A big kobold (D:11)
  A gnoll sergeant (D:7)
  8 bullfrogs
  3 wyvern skeletons
  6 scorpions
  4 wights (D:8)
  24 killer bees
  An electric eel (D:8)
  3 crimson imps
  A bullfrog zombie (D:8)
  10 centaur zombies
  2 quasits
  3 human zombies (Ossuary)
  3 jellies
  3 orc priests
  Crazy Yiuf (D:5)
  7 hounds
  4 orc wizards
  2 centaur skeletons
  2 gnoll shamans
  4 bullfrog skeletons
  6 worker ants
  An iguana (D:7)
  A hound zombie (D:8)
  A hound skeleton (D:7)
  3 mummies (Ossuary)
  A worker ant zombie (D:11)
  16 adders
  14 gnolls
  2 shadow imps
  An ooze (D:3)
  An adder zombie (D:9)
  6 adder skeletons
  A worm (D:3)
  5 dart slugs
  3 leopard geckos
  28 orcs
  8 giant cockroaches
  4 hobgoblins
  7 jackals
  5 quokkas
  5 ball pythons
  7 bats
  10 frilled lizards
  7 goblins
  13 kobolds
  A leopard gecko skeleton (D:4)
  A quokka zombie (D:9)
  2 rats
  A plant (Lair:1)
357 creatures vanquished.

Vanquished Creatures (collateral kills)
  A yak (Lair:1)
1 creature vanquished.

Vanquished Creatures (others)
  A slave (D:6)
  A centaur (D:10)
  An orc wizard (D:6)
  An iguana (D:6)
  An adder (D:6)
  A shadow imp (D:6)
  A fire vortex (Lair:1)
  A fungus (Lair:1)
8 creatures vanquished.

Grand Total: 366 creatures vanquished

Notes
Turn   | Place    | Note
-------+----------+-------------------------------------------
     0 | D:1      | tof the Gnoll Skald began the quest for the Orb.
     0 | D:1      | Reached XP level 1. HP: 18/18 MP: 5/5
   127 | D:1      | Reached skill level 5 in Charms
   128 | D:1      | Reached XP level 2. HP: 18/25 MP: 2/6
   641 | D:2      | Reached XP level 3. HP: 30/30 MP: 8/8
   749 | D:2      | Reached skill level 1 in Maces & Flails
  1196 | D:2      | Reached XP level 4. HP: 31/37 MP: 10/10
  1759 | D:3      | Reached skill level 1 in Slings
  1759 | D:3      | Reached XP level 5. HP: 22/43 MP: 8/11
  2825 | D:3      | Learned a level 2 spell: Song of Slaying
  2903 | D:4      | Reached skill level 5 in Fighting
  2903 | D:4      | Reached skill level 1 in Polearms
  2903 | D:4      | Reached XP level 6. HP: 51/51 MP: 12/12
  3125 | D:4      | You fall through a shaft for 2 floors!
  3127 | D:6      | Found Zahal's Armour Emporium.
  3127 | D:6      | Noticed Pikel
  3127 | D:6      | Noticed a slave
  3129 | D:6      | Noticed a slave
  3148 | D:6      | Noticed a slave
  3148 | D:6      | Noticed a slave
  3154 | D:6      | Got a pair of steaming boots
  3169 | D:6      | Found a sand-covered staircase.
  3174 | Ossuary  | Entered an ossuary
  3229 | Ossuary  | Reached skill level 1 in Stealth
  3321 | Ossuary  | Reached skill level 5 in Slings
  3342 | Ossuary  | Reached XP level 7. HP: 52/58 MP: 13/13
  3554 | Ossuary  | Reached skill level 5 in Dodging
  3830 | Ossuary  | Reached skill level 5 in Polearms
  4060 | D:6      | Killed Pikel
  4060 | D:6      | Reached XP level 8. HP: 16/67 MP: 11/15
  4456 | D:6      | Found Joukk's General Store.
  4511 | D:6      | Noticed Edmund
  4538 | D:6      | Killed Edmund
  4538 | D:6      | Reached skill level 5 in Spellcasting
  4790 | D:6      | Found Wyogiem's Armour Emporium.
  4795 | D:6      | Bought a scarf of repulsion for 168 gold pieces
  5081 | D:5      | Entered Level 5 of the Dungeon
  5089 | D:5      | Reached XP level 9. HP: 68/72 MP: 16/16
  5130 | D:5      | Noticed Grinder
  5161 | D:5      | Killed Grinder
  5288 | D:5      | Noticed Eustachio
  5309 | D:5      | Killed Eustachio
  6622 | D:5      | Found a runed door.
  6701 | D:5      | Noticed Crazy Yiuf
  6709 | D:5      | Killed Crazy Yiuf
  6824 | D:4      | Learned a level 2 spell: Call Imp
  6888 | D:4      | Found a staircase to the Ecumenical Temple.
  6900 | Temple   | Entered the Ecumenical Temple
  6996 | Temple   | Became a worshipper of the Wu Jian Council
  7184 | D:7      | Reached skill level 1 in Staves
  7308 | D:7      | Reached skill level 3 in Staves
  7308 | D:7      | Reached skill level 1 in Summonings
  7435 | D:7      | Reached XP level 10. HP: 80/80 MP: 18/18
  7511 | D:7      | Reached skill level 4 in Staves
  7606 | D:7      | Reached skill level 5 in Staves
  7634 | D:7      | Found a bloodstained altar of Trog.
  7646 | D:7      | Reached skill level 5 in Stealth
  8164 | D:8      | Found a glowing silver altar of Zin.
  8169 | D:8      | Reached skill level 6 in Staves
  8283 | D:8      | Reached * piety under Wu Jian
  9522 | D:8      | Learned a level 3 spell: Summon Guardian Golem
  9689 | D:9      | Reached skill level 7 in Staves
  9857 | D:9      | Reached skill level 5 in Armour
  9865 | D:9      | Identified the +2 pair of boots of Iqefye {*Contam Dex+3} (You found it on level 6 of the Dungeon)
  9947 | D:9      | Found a staircase to the Orcish Mines.
 10096 | D:9      | Found a staircase to the Lair.
 10110 | D:9      | Gained mutation: You are occasionally teleported next to monsters. [potion of mutation]
 10110 | D:9      | Gained mutation: Your magical capacity is low. (-10% MP) [potion of mutation]
 10110 | D:9      | Gained mutation: You can translocate small distances at will. [potion of mutation]
 10111 | D:9      | Lost mutation: Your magical capacity is low. (-10% MP) [potion of mutation]
 10111 | D:9      | Lost mutation: You can translocate small distances at will. [potion of mutation]
 10111 | D:9      | Lost mutation: You are occasionally teleported next to monsters. [potion of mutation]
 10111 | D:9      | Gained mutation: Your flesh is cold resistant. (rC+) [potion of mutation]
 10111 | D:9      | Gained mutation: Potions are less effective at restoring your health. [potion of mutation]
 10111 | D:9      | Gained mutation: Your spells are a little harder to cast, but a little more powerful. [potion of mutation]
 10112 | D:9      | Lost mutation: Your flesh is cold resistant. (rC+) [potion of mutation]
 10112 | D:9      | Lost mutation: Potions are less effective at restoring your health. [potion of mutation]
 10112 | D:9      | Lost mutation: Your spells are a little harder to cast, but a little more powerful. [potion of mutation]
 10112 | D:9      | Gained mutation: You have a pair of small horns on your head. [potion of mutation]
 10112 | D:9      | Gained mutation: Your muscles are strong. (Str +2) [potion of mutation]
 10112 | D:9      | Gained mutation: You are agile. (Dex +2) [potion of mutation]
 10113 | D:9      | Lost mutation: Your muscles are strong. (Str +2) [potion of mutation]
 10113 | D:9      | Lost mutation: You have a pair of small horns on your head. [potion of mutation]
 10113 | D:9      | Lost mutation: You are agile. (Dex +2) [potion of mutation]
 10113 | D:9      | Gained mutation: You are frail. (-10% HP) [potion of mutation]
 10113 | D:9      | Lost mutation: You are frail. (-10% HP) [potion of mutation]
 10114 | D:9      | Gained mutation: Your mind is acute. (Int +2) [potion of mutation]
 10114 | D:9      | Gained mutation: You are weak. (Str -2) [potion of mutation]
 10114 | D:9      | Lost mutation: You are weak. (Str -2) [potion of mutation]
 10114 | D:9      | Gained mutation: Your muscles are strong. (Str +2) [potion of mutation]
 10115 | D:9      | Lost mutation: Your muscles are strong. (Str +2) [potion of mutation]
 10115 | D:9      | Lost mutation: Your mind is acute. (Int +2) [potion of mutation]
 10115 | D:9      | Gained mutation: You are frail. (-10% HP) [potion of mutation]
 10115 | D:9      | Gained mutation: You have large cloven feet. [potion of mutation]
 10115 | D:9      | Gained mutation: You are partially covered in yellow scales. (AC +2) [potion of mutation]
 10262 | D:10     | Entered Level 10 of the Dungeon
 10314 | D:10     | Reached skill level 8 in Staves
 10366 | D:10     | Reached skill level 1 in Hexes
 10368 | D:10     | Reached XP level 11. HP: 78/78 MP: 15/20
 10526 | D:10     | Reached ** piety under Wu Jian
 11108 | D:11     | Noticed a cyclops
 11120 | D:11     | Killed a cyclops
 11222 | D:11     | Reached skill level 9 in Staves
 11411 | D:11     | Reached *** piety under Wu Jian
 11422 | D:11     | Noticed Grum
 11446 | D:11     | Killed Grum
 11907 | D:11     | Noticed a cyclops
 11921 | D:11     | Killed a cyclops
 12501 | D:12     | Noticed a two-headed ogre
 12511 | D:12     | Killed a two-headed ogre
 12639 | D:12     | Reached **** piety under Wu Jian
 12654 | D:12     | Reached XP level 12. HP: 69/85 MP: 22/22
 12714 | D:12     | Reached skill level 10 in Staves
 13130 | D:12     | Gained mutation: You have hoof-like feet. [mutagenic meat]
 13131 | D:12     | Gained mutation: You passively map a small area around you. [mutagenic meat]
 13132 | D:12     | Gained mutation: Your spells are a little easier to cast, but a little less powerful. [mutagenic meat]
 13530 | D:12     | Reached skill level 1 in Bows
 13614 | Lair:1   | Entered Level 1 of the Lair of Beasts
 13865 | Lair:1   | You fall through a shaft!
 13867 | Lair:2   | Found a staircase to the Shoals.
 13947 | Lair:1   | Noticed Fannar
 13971 | Lair:1   | Killed Fannar
 14091 | Lair:1   | Noticed an eight-headed hydra
 14093 | Lair:1   | Noticed Gastronok
 14156 | Lair:1   | Killed an eight-headed hydra
 14266 | Lair:1   | Killed Gastronok
 14885 | Lair:2   | Noticed a death yak
 14885 | Lair:2   | Noticed a death yak
 14909 | Lair:1   | Killed a death yak
 14954 | Lair:1   | Mangled by a komodo dragon

Vault maps used:
D:1:      dpeg_arrival_more_subterranean_lakeside_camping
D:2:      st_stairs_3
D:4:      minmay_temple_entry_statues_pillars
D:5:      first_bread, uniq_eustachio, uniq_grinder, uniq_crazy_yiuf_cottage
D:6:      lightli_ossuary_entry_decrepit_ruins, serial_shops, shop,
          shop_fountains, nicolae_shop_waterfront, uniq_edmund, uniq_pikel
D:7:      the_bakery, minivault_11, trog_ov_bears_minmay
D:8:      lemuel_crystal_altar
D:9:      grunt_lair_entry_orc_guard_hut, orc_0_dummy, minmay_item_behind_shaft
D:10:     nicolae_looking_at_the_future
D:11:     uniq_grum
D:12:     serial_column_ruins, column_ruins_hut, column_ruins_hut,
          column_ruins_open_medium_water, column_ruins_open_tiny,
          column_ruins_grid_3, column_ruins_open_tiny,
          column_ruins_columns_corner, column_ruins_open_small,
          column_ruins_columns_straight
Temple:   kilobyte_greek_temple
Lair:1:   serial_bayou_lagoon_a, lemuel_fruit_fields, uniq_fannar,
          uniq_gastronok
Lair:2:   minmay_shoals_entry_beasts, nicolae_quartered_pool_little, uniq_erica
Ossuary:  ossuary_minmay_four_chambers

Skill      XL: |  1  2  3  4  5  6  7  8  9 10 11 12 |
---------------+-------------------------------------+-----
Charms         | 5 6 |  6.0
Spellcasting   | 4 5 6 7 |  7.2
Fighting       | 4 5 6 7 8 9 |  9.7
Armour         | 2 3 4 5 6 |  6.3
Maces & Flails | 1 2 |  2.9
Dodging        | 4 6 7 8 9 |  9.4
Slings         | 1 4 5 6 8 |  8.3
Polearms       | 1 2 7 8 |  8.9
Stealth        | 1 2 4 6 7 8 |  8.4
Staves         | 3 8 9 10 | 10.6
Summonings     | 1 2 3 |  3.1
Hexes          | 1 |  1.6
Bows           | 2 |  2.2
Long Blades    | |  3.8

Action                   |  1- 3 |  4- 6 |  7- 9 | 10-12 || total
-------------------------+-------+-------+-------+-------++-------
Melee: Falchion          |    11 |       |       |       ||    11
       Whip              |    83 |    36 |     3 |       ||   122
       Bite              |     4 |    11 |    55 |   115 ||   185
       Spear             |       |   115 |   398 |       ||   513
       Quarterstaff      |       |       |    45 |  1022 ||  1067
 Fire: Hunting sling     |       |    75 |   101 |    20 ||   196
       Shortbow          |       |       |       |    17 ||    17
Throw: Stone             |       |     9 |       |       ||     9
 Cast: Infusion          |     4 |     5 |       |       ||     9
       Song of Slaying   |       |     2 |     3 |     3 ||     8
       Call Imp          |       |       |     1 |     7 ||     8
       Summon Guardian G |       |       |       |    11 ||    11
  Use: Potion            |       |       |       |     7 ||     7
       Scroll            |       |       |       |    15 ||    15
 Stab: Sleeping          |       |     1 |     3 |    23 ||    27
       Confused          |       |       |     6 |     3 ||     9
       Paralysed         |       |       |       |     8 ||     8
       Distracted        |       |       |       |     3 ||     3
       Petrifying        |       |       |       |     6 ||     6
       Petrified         |       |       |       |     5 ||     5
  Eat: Chunk             |     1 |     3 |     6 |    29 ||    39
       Bread ration      |       |     1 |       |       ||     1
       Meat ration       |       |       |     1 |       ||     1
       Royal jelly       |       |       |     1 |       ||     1
Armor: Leather armour    |    15 |    38 |    62 |    28 ||   143
       Troll leather arm |       |       |       |   185 ||   185
Dodge: Dodged            |    65 |   141 |   295 |  1098 ||  1599
       Deflected         |       |       |     4 |     8 ||    12
       Rpst.: Falchion   |     3 |       |       |       ||     3
